 Dungeon Crawl Stone Soup version 0.30-a0-808-g6e0788376e (webtiles) character file.

Game seed: 729765584561210324

31 Misst the Shield-Bearer (level 3, -4/29 HPs)
             Began as a Human Fighter on Feb 25, 2023.
             Killed by nerve-wracking pain
             ... invoked by an orc priest
              (11 damage)
             ... on level 2 of the Dungeon.
             The game lasted 00:10:56 (784 turns).

Misst the Shield-Bearer (Human Fighter)              Turns: 784, Time: 00:10:57

Health: -4/29      AC:  8    Str: 18    XL:     3   Next: 40%
Magic:  3/3        EV:  6    Int:  8    God:
Gold:   40         SH:  4    Dex: 12    Spells: 2/2 levels left

rFire   . . .      SeeInvis .    j - +0 short sword
rCold   . . .      Faith    .    b - +0 buckler
rNeg    . . .      Spirit   .    a - +0 scale mail
rPois   .          Reflect  .    (no helmet)
rElec   .          Harm     .    (no cloak)
rCorr   .          Rampage  .    d - +0 pair of gloves
Will    .....                    (no boots) Stlth
                                 (no amulet)
HPRegen 0.24/turn                (no ring)
MPRegen 0.08/turn                (no ring)

@: constricted
A: no striking features
a: no special abilities


You were on level 2 of the Dungeon.
You visited 1 branch of the dungeon, and saw 3 of its levels.

You collected 40 gold pieces.

Inventory:

Hand Weapons
 e - a +0 short sword
 j - a +0 short sword (weapon)
Missiles
 i - 46 stones (quivered)
 l - 5 javelins
Armour
 a - a +0 scale mail (worn)
 b - a +0 buckler (worn)
 d - a +0 pair of gloves (worn)
Scrolls
 f - a scroll of brand weapon {unknown}
 n - a scroll of vulnerability {unknown}
 o - a scroll of identify {unknown}
Potions
 c - a potion of might
 g - a potion of heal wounds {unknown}
 h - 2 potions of attraction {unknown}
 k - 2 potions of mutation {unknown}
 m - a potion of haste {unknown}


   Skills:
 + Level 3.2 Fighting
 + Level 0.9 Short Blades
 + Level 3.2 Armour
 + Level 0.8 Dodging
 + Level 3.3 Shields
 + Level 2.2 Unarmed Combat


You had 2 spell levels left.
You didn't know any spells.
Your spell library contained the following spells:

 Spells                   Type           Power      Damage    Failure   Level
 Summon Small Mammal      Summ           0%         N/A       87%         1
 Call Canine Familiar     Summ           0%         N/A       99%         3
 Summon Guardian Golem    Hex/Summ       0%         N/A       99%         3


Dungeon Overview and Level Annotations

Branches:
Dungeon (3/15)

Altars:

Shops:
D:3 !


Message History

You barely miss the orc priest.
The orc priest is moderately wounded.
The ball python bites you but does no damage.
The ball python constricts you. The orc barely misses you.
The orc priest looks braver for a moment.
The ball python bites you but does no damage.
The ball python constricts you.
You barely miss the orc priest.
The orc priest is moderately wounded.
The orc hits you but does no damage. You block the orc priest's attack.
The ball python bites you. The ball python constricts you.
You hit the orc priest.
The orc priest is heavily wounded.
The orc priest barely misses you. The orc hits you but does no damage.
The ball python barely misses you. The ball python constricts you.
You hit the orc priest.
The orc priest is severely wounded.
You block the orc's attack.
The orc priest hits you but does no damage.
The ball python bites you but does no damage.
The ball python constricts you.
You hit the orc priest but do no damage.
The orc priest is heavily wounded.
You block the orc's attack. The orc priest hits you with a +0 whip.
The ball python bites you but does no damage.
The ball python constricts you.
You hit the orc priest.
The orc priest is almost dead.
The ball python bites you but does no damage.
The ball python constricts you.
The orc priest looks encouraged for a moment.
The orc hits you but does no damage. The ball python bites you.
* * * LOW HITPOINT WARNING * * *
The ball python constricts you.
You hit the orc priest.
The orc priest is almost dead.
The orc barely misses you.
The orc priest calls down the wrath of Beogh upon you.
Pain shoots through your body!
You die...

#### #...# #####
#...### ##.~.#
#..... #.~..#
#....# #.~~~##
#....######.~P~.##
#o..........♣~♣...
#oo#.<^.##########
#@S..............+
###........##### #
#...#.##.# #
#........# #
#..##...## #
#..####.# #
#.......# #
##.....## #
#####.#


You could see an orc priest, 2 orcs and a ball python.

Vanquished Creatures
  An adder (D:2)
  3 endoplasms
  A giant cockroach (D:2)
  2 hobgoblins
  4 jackals (D:1)
  A quokka (D:3)
  2 ball pythons (D:1)
  3 frilled lizards (D:1)
  A kobold (D:1)
  2 rats
20 creatures vanquished.

Notes
Turn   | Place    | Note
-------+----------+-------------------------------------------
     0 | D:1      | Misst the Human Fighter began the quest for the Orb.
     0 | D:1      | Reached XP level 1. HP: 18/18 MP: 1/1
    72 | D:1      | Reached XP level 2. HP: 6/24 MP: 2/2
   620 | D:3      | Found Pagofoot's Distillery.
   662 | D:2      | Reached XP level 3. HP: 26/29 MP: 3/3
   784 | D:2      | Killed from afar by an orc priest

Illustrated notes

Levels and vault maps discovered:
D:1:      minmay_arrival_shattered_statue, layout_basic
D:2:      layout_basic, serial_bayou, serial_bayou_shore_b, serial_bayou_pond_d,
          serial_bayou_pond_e, serial_bayou_shore_a, uniq_natasha
D:3:      layout_rooms, ebering_ghost_rock_garden, serial_shops,
          nicolae_shop_trees

Action                     || total
---------------------------++-------
  Melee: Unarmed           ||    45
         Short sword       ||    82
 Armour: Scale mail        ||   118
  Dodge: Dodged            ||    95
  Block: Buckler           ||    56

Table legend: (Time is in decaauts)
 A = Elapsed time spent in this place.
 B = Non-inter-level travel time spent in this place.
 C = Inter-level travel time spent in this place.
 D = Time resting spent in this place.
 E = Time spent auto-exploring this place.
 F = Levels seen in this place.
 G = Mean time per level.
                   A        B        C        D        E       F      G
               +--------+--------+--------+--------+--------+-----+--------+
         Total |    788 |    438 |    350 |     40 |     74 |   3 |  262.7 |
       Dungeon |    788 |    438 |    350 |     40 |     74 |   3 |  262.7 |
               +--------+--------+--------+--------+--------+-----+--------+

Top non-repeatable levels by time:
     D:1: 470 daAuts
     D:2: 218 daAuts
     D:3: 99 daAuts
